 Dungeon Crawl Stone Soup version 0.29.1-12-g30fa7ad0bf (webtiles) character file.

Game seed: 9674725041375310704

1842 H0rd4k the Insei (level 9, -3/91 HPs)
             Began as an Octopode Artificer on Dec 22, 2022.
             Was an Initiate of Gozag.
             Engulfed by a cloud of steam (9 damage)
             ... on level 6 of the Dungeon.
             The game lasted 00:07:11 (6305 turns).

H0rd4k the Insei (Octopode Artificer)               Turns: 6305, Time: 00:07:12

Health: -3/91      AC:  1    Str: 11    XL:     9   Next: 12%
Magic:  15/15      EV: 14    Int: 18    God:    Gozag
Gold:   426        SH:  0    Dex: 18    Spells: 17/17 levels left

rFire   . . .      SeeInvis .   y - +6 flail of Xocluiff {flame, *Rage rElec rPois Stlth+}
rCold   . . .      Faith    .   (no shield)
rNeg    . . .      Spirit   .   (helmet restricted)
rPois   +          Reflect  .   (no amulet)
rElec   +          Harm     .   u - +6 ring of dexterity
rCorr   .          Rampage  .   (no ring)
Will    .....      Rage     20% (no ring)
Stlth   ..........              (no ring)
HPRegen 0.25/turn               (no ring)
MPRegen 0.14/turn               (no ring)
                                (no ring)
                                (no ring)

@: berserking, gold aura, very quick
A: almost no armour, amphibious, 8 rings, camouflage 1, gelatinous body 1,
(nimble swimmer 1), tentacles
a: Renounce Religion, Potion Petition, Call Merchant, Bribe Branch


You were on level 6 of the Dungeon.
You worshipped Gozag.
Gozag was aware of your devotion.
You visited 2 branches of the dungeon, and saw 7 of its levels.
You also visited: Sewer.

You collected 504 gold pieces.
You paid 78 gold pieces to Gozag.

Inventory:

Hand Weapons
 y - the +6 flail of Xocluiff (weapon) {flame, *Rage rElec rPois Stlth+}
   (You found it on level 5 of the Dungeon)

   It burns those it strikes, dealing additional fire damage.
   rElec:     It insulates you from electricity.
   rPois:     It protects you from poison.
   *Rage:     It berserks you when you make melee attacks (+20% chance).
   Stlth:     It makes you more stealthy.
Missiles
 g - 16 poisoned darts (quivered)
 t - 5 atropa-tipped darts
Jewellery
 u - a +6 ring of dexterity (left tentacle)
Wands
 b - a wand of flame (29)
 c - a wand of charming (13)
 d - a wand of iceblast (9)
Scrolls
 a - a scroll of torment {unknown}
 e - 3 scrolls of noise {unknown}
 f - 3 scrolls of teleportation {unknown}
 k - 2 scrolls of blinking {unknown}
 n - 3 scrolls of fear {unknown}
 q - 5 scrolls of identify {unknown}
 v - a scroll of butterflies {unknown}
 w - a scroll of amnesia {unknown}
 x - a scroll of enchant armour {unknown}
 B - 2 scrolls of vulnerability {unknown}
 C - a scroll of poison {unknown}
 D - a scroll of brand weapon {unknown}
 E - a scroll of magic mapping {unknown}
Potions
 h - a potion of lignification {unknown}
 i - 4 potions of heal wounds
 j - 3 potions of curing
 l - 4 potions of cancellation {unknown}
 m - 3 potions of brilliance {unknown}
 o - 4 potions of haste {unknown}
 p - a potion of mutation {unknown}
 r - 3 potions of might
 s - a potion of resistance {unknown}
 z - a potion of invisibility {unknown}
 A - 2 potions of berserk rage {unknown}


   Skills:
 * Level 5.3 Fighting
 + Level 2.8 Maces & Flails
 + Level 4.7 Throwing
 - Level 2.3 Dodging
 - Level 1.3 Stealth
 + Level 6.2 Unarmed Combat
 * Level 4.5 Spellcasting
 - Level 3.2 Evocations


You had 17 spell levels left.
You didn't know any spells.
Your spell library contained the following spells:

 Spells                   Type           Power      Damage    Failure   Level
 Apportation              Tloc           8%         N/A       14%         1
 Confusing Touch          Hex            4%         N/A       38%         3
 Frozen Ramparts          Ice            8%         1d2       38%         3
 Ice Form                 Ice/Tmut       4%         N/A       80%         4
 Summon Ice Beast         Ice/Summ       4%         N/A       80%         4
 Alistair's Intoxication  Tmut/Pois      2%         N/A       98%         5
 Yara's Violent Unravell  Hex/Tmut       2%         3d3       98%         5
 Enfeeble                 Hex            2%         N/A       100%        7


Dungeon Overview and Level Annotations

Branches:
Dungeon (6/15)             Temple (1/1) D:4           Sewer (visited)

Altars:
Dithmenos
Elyvilon
Fedhas
Gozag
Makhleb
Nemelex Xobeh
Qazlal
Ru
Vehumet
Wu Jian
Xom
The Shining One

Shops:
D:1 [:*?   D:5 *

Annotations:
D:3 Grinder
D:5 exclusion: downstairs


Innate Abilities, Weirdness & Mutations

You cannot wear most types of armour.
You are amphibious.
You can wear up to eight rings at the same time.
Your skin changes colour to match your surroundings (Stealth+).
Your rubbery body absorbs attacks. (AC +1, EV +1)
((You are camouflaged when in or above water. (Stealth+)))
You have tentacles for arms and can constrict up to eight enemies at once.


Message History

a +0 robe; a +2 whip of freezing; 6 gold pieces The shadow imp shouts!
The shadow imp grinds its teeth.
The shadow imp hits you.
You hit the shadow imp. You burn the shadow imp. You grab the shadow imp.
Your squeeze misses the shadow imp.
The shadow imp is heavily wounded.
You constrict the shadow imp, but do no damage.
The shadow imp closely misses you.
The shadow imp grinds its teeth.
The shadow imp misses you.
You hit the shadow imp. You burn the shadow imp. You squeeze the shadow imp.
You kill the shadow imp!
The steam dragon breathes steam at you. The ball of steam hits you!
You are engulfed in a cloud of scalding steam.
You hit the steam dragon. You burn the steam dragon.
You squeeze the steam dragon, but do no damage.
The steam dragon is moderately wounded.
You are engulfed in a cloud of scalding steam.
The steam dragon breathes steam at you. The ball of steam hits you!
You sock the steam dragon! You burn the steam dragon.
You tentacle-slap the steam dragon!
The steam dragon is almost dead.
The steam dragon bites you. The steam dragon claws you.
* * * LOW HITPOINT WARNING * * *
A red film seems to cover your vision as you go berserk!
You feel yourself moving faster!
You feel mighty!
You closely miss the steam dragon.
The steam dragon is almost dead.
The steam dragon closely misses you. x2
The steam dragon breathes steam at you. The ball of steam hits you!!
* * * LOW HITPOINT WARNING * * *
You sock the steam dragon! You burn the steam dragon.
You kill the steam dragon!
You are engulfed in a cloud of scalding steam.
You die...
Your body crumbles into a pile of gold.

#####..# #......###........#
.#.#.>.#######...[##.....#.<..#
...........###.....###.####....#
....###.....#......###.## .....
....# #.>...##..........# ....#
...## #..........#.......
..#####.........###.....D
...#.#........§..##......
##......####§§.§@$.......
.....#....##$..#...##....
.....#..#.#....#...# ....
........#.##.....#.# ...
......##...#..[....#
.......#....##Y....#
.......##........#.. .......#
... ..###.. .......#..


You could see an ice beast.

Vanquished Creatures
  Pikel (D:6)
  A wyvern (D:5)
  A steam dragon (D:6)
  2 black bears
  2 ogres (D:5)
  A kobold brigand (D:6)
  2 scorpions
  A necrophage (D:5)
  4 jellies
  5 hounds
  Jessica (D:3)
  An iguana (D:5)
  2 orc wizards (D:6)
  13 adders
  A river rat (D:3)
  2 shadow imps (D:6)
  An ufetubus (D:6)
  2 worms
  3 dart slugs
  3 orcs
  2 bats
  9 endoplasms
  3 giant cockroaches
  7 goblins
  4 hobgoblins
  4 kobolds
  4 quokkas
  11 ball pythons
  6 frilled lizards
  3 rats
102 creatures vanquished.

Vanquished Creatures (collateral kills)
  A necrophage (D:6)
  A kobold (D:6)
2 creatures vanquished.

Vanquished Creatures (others)
  An orc (D:6)
1 creature vanquished.

Grand Total: 105 creatures vanquished

Notes
Turn   | Place    | Note
-------+----------+-------------------------------------------
     0 | D:1      | H0rd4k the Octopode Artificer began the quest for the Orb.
     0 | D:1      | Reached XP level 1. HP: 13/13 MP: 1/1
    97 | D:1      | Reached XP level 2. HP: 17/18 MP: 1/3
   133 | D:1      | Found Bull's General Store.
   133 | D:1      | Found Mywn's Magic Scroll Shoppe.
   153 | D:1      | Found Tomec's Book Shoppe.
   395 | D:1      | Found a faded altar of an unknown god.
   502 | D:1      | Found Mocli's Antique Armour Boutique.
   625 | D:1      | Reached skill level 1 in Spellcasting
  1166 | D:2      | Reached skill level 1 in Unarmed Combat
  1166 | D:2      | Reached XP level 3. HP: 3/24 MP: 4/4
  1365 | D:2      | Reached XP level 4. HP: 17/29 MP: 6/6
  1788 | D:2      | Reached skill level 2 in Unarmed Combat
  2054 | D:3      | Noticed Jessica
  2071 | D:3      | Killed Jessica
  2153 | D:3      | Found a glowing drain.
  2163 | Sewer    | Entered a sewer
  2224 | Sewer    | Reached XP level 5. HP: 27/35 MP: 8/8
  2574 | Sewer    | Reached skill level 1 in Throwing
  2574 | Sewer    | Reached skill level 3 in Unarmed Combat
  2626 | Sewer    | Found a viscous altar of Jiyva.
  2673 | D:3      | Noticed Grinder
  2692 | D:3      | Reached XP level 6. HP: 41/41 MP: 9/9
  3553 | D:4      | Found a shimmering altar of Xom.
  3713 | D:4      | Found a blossoming altar of Fedhas.
  3809 | D:4      | Reached skill level 4 in Unarmed Combat
  3819 | D:4      | Found a staircase to the Ecumenical Temple.
  3851 | D:4      | Found a burning altar of Makhleb.
  3851 | D:4      | Found a sparkling altar of Nemelex Xobeh.
  3975 | Temple   | Entered the Ecumenical Temple
  4023 | Temple   | Became a worshipper of Gozag Ym Sagoz the Greedy
  4081 | D:5      | Entered Level 5 of the Dungeon
  4096 | D:5      | Reached XP level 7. HP: 37/46 MP: 11/11
  4515 | D:5      | Noticed a wyvern
  4518 | D:5      | Killed a wyvern
  4519 | D:5      | Reached skill level 5 in Unarmed Combat
  4530 | D:5      | Found Veixter's General Store.
  4783 | D:5      | Identified the +6 flail of Xocluiff {flame, *Rage rElec
                  | rPois Stlth+}
  4848 | D:5      | Reached XP level 8. HP: 54/54 MP: 13/13
  5461 | D:6      | Noticed Pikel
  5671 | D:6      | Reached skill level 6 in Unarmed Combat
  5755 | D:6      | Reached skill level 1 in Maces & Flails
  5997 | D:6      | Killed Pikel
  5998 | D:6      | Reached skill level 5 in Fighting
  5998 | D:6      | Reached XP level 9. HP: 29/61 MP: 15/15
  6246 | D:6      | Identified the +2 leather armour "Jauma" {rElec rF+}
  6305 | D:6      | Engulfed by a cloud of steam

Illustrated notes

Levels and vault maps discovered:
D:1:      minmay_arrival_four_houses, layout_rooms,
          hellmonk_ecumenical_altar_zigzags, serial_shops, nicolae_shop_crystal,
          shop_scrolls, shop, nicolae_shop_behind_doors
D:2:      layout_loops_ring
D:3:      layout_rooms, cheibrodos_sewer_entry_sluice,
          hangedman_abyss_or_decor_stabs, minmay_misc_feat_chi, uniq_jessica,
          uniq_grinder
D:4:      layout_rooms, mainiacjoe_overflow_big_doors,
          gammafunk_temple_overflow_statue, temple_hall, kennysheep_crisscross
D:5:      layout_cave_pods, serial_shops, nicolae_shop_crystal
D:6:      layout_cave_pools, kennysheep_vampire_church, uniq_pikel
Temple:   nicolae_temple_two_arcs

Skill      XL: |  1  2  3  4  5  6  7  8 |
---------------+-------------------------+-----
Spellcasting   | 1 2 3 4 |  4.5
Fighting       | 2 3 5 |  5.3
Unarmed Combat | 1 2 3 4 5 6 |  6.2
Throwing       | 1 3 4 |  4.7
Maces & Flails | 2 |  2.8
Dodging        | |  2.3
Stealth        | |  1.3
Evocations     | |  3.2

Action                   |  1- 3 |  4- 6 |  7- 9 || total
-------------------------+-------+-------+-------++-------
Melee: Unarmed           |    65 |   121 |    21 ||   207
       Constrict         |    11 |    23 |    16 ||    50
       Tentacles         |    11 |    28 |    20 ||    59
       Punch             |     2 |     2 |     2 ||     6
       Flail             |       |       |    48 ||    48
Throw: Dart              |    10 |    31 |    22 ||    63
Evoke: Wand              |     2 |     7 |     4 ||    13
  Use: Potion            |     1 |       |       ||     1
 Stab: Sleeping          |     5 |     9 |     1 ||    15
       Distracted        |     1 |       |       ||     1
Armor: Skin              |     6 |     4 |     3 ||    13
Dodge: Dodged            |    34 |    70 |    42 ||   146
